 Dungeon Crawl Stone Soup version 0.28.0-1-gb440e238dd (webtiles) character file.

Game seed: 1993610884383397946

900 mortz the Conjurer (level 8, -4/53 HPs)
             Began as a Human Conjurer on Feb 23, 2022.
             Was an Initiate of Vehumet.
             Slain by Pikel (11 damage)
             ... on level 4 of the Dungeon.
             The game lasted 00:22:23 (4913 turns).

mortz the Conjurer (Human Conjurer)                 Turns: 4913, Time: 00:22:23

Health: -4/53      AC:  4    Str:  9    XL:     8   Next: 28%
Magic:  3/14       EV: 11    Int: 20    God:    Vehumet [......]
Gold:   254        SH:  0    Dex: 11    Spells: 9/15 levels left

rFire   . . .      SeeInvis .   s - +8 mithril axe "Arga" {speed, Will+}
rCold   . . .      Faith    .   (no shield)
rNeg    . . .      Spirit   .   l - +0 leather armour
rPois   .          Reflect  .   v - +0 helmet
rElec   .          Harm     .   (no cloak)
rCorr   +          Rampage  .   (no gloves)
Will    +....                   (no boots)
Stlth   ++........              (no amulet)
HPRegen 0.17/turn               c - ring of resist corrosion
MPRegen 0.14/turn               (no ring)

@: no status effects
A: no striking features
a: Renounce Religion


You were on level 4 of the Dungeon.
You worshipped Vehumet.
Vehumet was noncommittal.
You visited 2 branches of the dungeon, and saw 6 of its levels.

You collected 254 gold pieces.

Inventory:

Hand Weapons
 d - a +3 hand axe of draining
 g - a +0 spear
 o - a +0 dagger of electrocution
 p - a +2 hand axe of freezing
 s - the +8 mithril axe "Arga" (weapon) {speed, Will+}
   (You found it on level 3 of the Dungeon)

   Attacks with this weapon are significantly faster.
   Will:      It increases your willpower.
Missiles
 b - 3 poisoned darts
 f - 8 atropa-tipped darts
Armour
 i - a +0 ring mail
 j - a +0 scale mail
 l - a +0 leather armour (worn)
 r - a +0 chain mail
 v - a +0 helmet (worn)
Magical Staves
 q - a staff of air
Jewellery
 c - a ring of resist corrosion (left hand)
Scrolls
 a - a scroll of fear {unknown}
 e - 3 scrolls of fog {unknown}
 h - a scroll of enchant weapon {unknown}
 k - a scroll of amnesia {unknown}
 n - 5 scrolls of identify {unknown}
 x - a scroll of enchant armour {unknown}
Potions
 t - a potion of curing {unknown}
 u - 2 potions of might {unknown}
 w - a potion of attraction {unknown}


   Skills:
 + Level 0.3 Fighting
 * Level 3.4 Axes
 + Level 2.9 Armour
 + Level 2.5 Dodging
 + Level 3.6 Stealth
 + Level 4.2 Spellcasting
 + Level 6.4 Conjurations


You had 9 spell levels left.
You knew the following spells:

 Your Spells              Type           Power      Damage    Failure   Level
a - Magic Dart            Conj           100%       1d8       1%          1
b - Searing Ray           Conj           60%        2d6       1%          2
c - Mephitic Cloud        Conj/Pois/Air  12%        N/A       22%         3

Your spell library contained the following spells:

 Spells                   Type           Power      Damage    Failure   Level
 Dazzling Flash           Conj/Hex       34%        N/A       14%         3
 Call Imp                 Summ           4%         N/A       26%         2
 Fulminant Prism          Conj/Hex       8%         3d7       41%         4
 Iskenderun's Mystic Bla  Conj/Tloc      17%        2d5       41%         4


Dungeon Overview and Level Annotations

Branches:
Dungeon (5/15)             Temple (1/1) D:4

Altars:
Ashenzari
Cheibriados
Dithmenos
Fedhas
Gozag
Hepliaklqana
Makhleb
Okawaru
Qazlal
Ru
Sif Muna
Trog
Uskayaw
Vehumet
Wu Jian
Xom
Yredelemnul
Zin
The Shining One

Annotations:
D:4 Pikel


Message History

Aim: Pikel, wielding a +2 whip of freezing and wearing a +0 robe (moderately wounded, 74% to hit)
The searing ray hits Pikel!
Pikel is heavily wounded.
The searing ray hits the lemure.
The lemure is moderately wounded. (Press . to maintain the ray.) Pikel hits you with a +2 whip of freezing!
Pikel freezes you.
The searing ray hits Pikel.
Pikel is heavily wounded.
The searing ray hits the lemure!
The lemure is heavily wounded.
The searing ray hits the lemure but does no damage.
Pikel hits you with a +2 whip of freezing.
Pikel freezes you.
A scorpion zombie comes into view.
Pikel barely misses you. The lemure closely misses you.
You climb upwards.
There is a stone staircase leading down here.
Casting: Searing Ray (safe; 1% risk of failure)
Confirm with . or Enter, or press ? or * to list all spells.
Aiming: Searing Ray (safe; 1% risk of failure)
Press: ? - help, Shift-Dir - straight line, f - Pikel
Aim: Pikel, wielding a +2 whip of freezing and wearing a +0 robe (heavily wounded, 74% to hit)
The searing ray hits Pikel!
Pikel is severely wounded. (Press . to maintain the ray.) Pikel closely misses you.
The lemure hits you.
The searing ray hits Pikel.
Pikel is almost dead.
Pikel hits you with a +2 whip of freezing!
* * * LOW HITPOINT WARNING * * *
Pikel freezes you.
* * * LOW HITPOINT WARNING * * *
The lemure hits you.
* * * LOW HITPOINT WARNING * * *
The searing ray hits Pikel but does no damage.
Pikel is almost dead.
Pikel hits you with a +2 whip of freezing!
You die...

##### ###..#######..### #........
....# #.##.........## ########.
###.# #.######.##### #.
..#.###.######'# #.
...........##..# #.
#.#.###.##.##.## ##.
....P##.##.##.############ ##..
.##.###.......##.K.......#####...
.#...#........##@#######.##......
...>.....#.##.##5# #####.##.####.
.#...#.#.#.##.##.# #........# #.
###.###....##.##.###.###.#### #.
##...##..####.##..........# ##'
##..###..# #.##..........# ##..
.#.## #..####.##.##..##.#.# ##...
...# #.......##.##.....#.###....
...####...######.##.#...#.##.....


You could see Pikel and a lemure.

Vanquished Creatures
  Sigmund (D:2)
  Menkaure (D:4)
  A necrophage (D:4)
  3 ogres
  A scorpion (D:4)
  2 hounds
  A scorpion zombie (D:3)
  Robin (D:3)
  A gnoll (D:1)
  7 adders
  An ufetubus (D:5)
  4 dart slugs
  5 orcs
  6 ball pythons
  4 bats
  2 endoplasms (D:1)
  A giant cockroach (D:3)
  11 goblins
  6 hobgoblins
  3 jackals (D:4)
  2 quokkas
  5 frilled lizards
  9 kobolds
  2 rats
80 creatures vanquished.

Vanquished Creatures (others)
  7 plants (D:4)
7 creatures vanquished.

Grand Total: 87 creatures vanquished

Notes
Turn   | Place    | Note
-------+----------+-------------------------------------------
     0 | D:1      | mortz the Human Conjurer began the quest for the Orb.
     0 | D:1      | Reached XP level 1. HP: 13/13 MP: 3/3
   436 | D:1      | Reached XP level 2. HP: 12/19 MP: 0/5
   441 | D:1      | Learned a level 2 spell: Searing Ray
   589 | D:1      | Found a faded altar of an unknown god.
   725 | D:1      | Reached XP level 3. HP: 24/24 MP: 3/6
  1473 | D:2      | Reached XP level 4. HP: 30/30 MP: 3/7
  1590 | D:2      | Noticed Sigmund
  1599 | D:2      | Killed Sigmund
  1600 | D:2      | Reached skill level 1 in Axes
  1600 | D:2      | Reached skill level 5 in Conjurations
  1600 | D:2      | Reached XP level 5. HP: 25/35 MP: 1/9
  1600 | D:2      | Reached XP level 6. HP: 29/41 MP: 1/10
  2369 | D:3      | Found the +8 mithril axe "Arga" {speed, Will+}
  2746 | D:3      | Noticed Robin
  2762 | D:3      | Killed Robin
  3383 | D:4      | Reached skill level 1 in Armour
  3460 | D:4      | Reached XP level 7. HP: 46/46 MP: 6/11
  3690 | D:4      | Reached skill level 6 in Conjurations
  3824 | D:4      | Found a staircase to the Ecumenical Temple.
  3836 | Temple   | Entered the Ecumenical Temple
  3965 | D:4      | Found a faded altar of an unknown god.
  3965 | D:4      | Found a basalt altar of Yredelemnul.
  4004 | D:4      | Found a faded altar of an unknown god.
  4006 | D:4      | Found a glowing golden altar of the Shining One.
  4008 | D:4      | Found a radiant altar of Vehumet.
  4011 | D:4      | Became a worshipper of Vehumet
  4404 | D:4      | Learned a level 3 spell: Mephitic Cloud
  4632 | D:4      | Noticed Menkaure
  4638 | D:4      | Killed Menkaure
  4639 | D:4      | Reached XP level 8. HP: 32/52 MP: 7/13
  4820 | D:5      | Entered Level 5 of the Dungeon
  4861 | D:5      | Noticed Pikel
  4913 | D:4      | Slain by Pikel

Illustrated notes

Levels and vault maps discovered:
D:1:      tarquinn_simple_flora_water_a, layout_loops_cross,
          basic_ecumenical_altar, feat_on_display
D:2:      layout_loops_corners, uniq_sigmund
D:3:      minmay_chambers_of_twos, layout_rooms, uniq_robin
D:4:      layout_loops_corners, chequers_temple_overflow_minitemple,
          minmay_temple_entry_gardened_gates, uniq_menkaure
D:5:      layout_rooms, lemuel_round_altar, serial_bayou, serial_bayou_lagoon_a,
          serial_bayou_pond_b, serial_bayou_shore_b, serial_bayou_pond_e,
          serial_bayou_pond_c, minmay_ruined_shrine, uniq_pikel
Temple:   kb_temple_of_zot

Skill      XL: |  1  2  3  4  5  6  7  8 |
---------------+-------------------------+-----
Axes           | 1 2 3 |  3.4
Conjurations   | 5 6 |  6.4
Stealth        | 3 |  3.6
Spellcasting   | 3 4 |  4.2
Armour         | 1 2 |  2.9
Fighting       | |  0.3
Dodging        | |  2.5

Action                   |  1- 3 |  4- 6 |  7- 9 || total
-------------------------+-------+-------+-------++-------
Melee: Hand axe          |     8 |     2 |       ||    10
       Broad axe         |       |     3 |     5 ||     8
 Cast: Magic Dart        |    14 |    29 |    11 ||    54
       Searing Ray       |     9 |    24 |    17 ||    50
 Stab: Sleeping          |     1 |       |       ||     1
Armor: Robe              |     1 |       |       ||     1
       Leather armour    |       |     2 |     4 ||     6
Dodge: Dodged            |     4 |     6 |     6 ||    16
